 Dungeon Crawl Stone Soup version 0.31.0-10-gcf4a605ca0 (webtiles) character file.

Game seed: 17251152821182953851

74 SnakkuSnakku7 the Caller (level 4, 0/37 HPs)
             Began as a Ghoul Summoner on Jan 26, 2024.
             Slain by a goblin
             ... wielding a +0 dagger
             ... led by Robin
              (4 damage)
             ... on level 2 of the Dungeon.
             The game lasted 00:01:47 (1337 turns).

SnakkuSnakku7 the Caller (Ghoul Summoner)           Turns: 1337, Time: 00:01:47

Health: 0/37       AC:  3    Str: 13    XL:     4   Next: 28%
Magic:  6/6        EV: 12    Int: 14    God:
Gold:   53         SH:  0    Dex:  9    Spells: 5/6 levels left

rFire   . .          .
                       - Unarmed
rCold   + . .        (no shield)
rNeg    + + +        a - +0 robe
rPois   ∞            (no helmet)
rElec   .            (no cloak)
rCorr   .            (no gloves)
SInv    .            n - +0 pair of boots
Will    .....        (no amulet)
Stlth   ++           (no ring)
HPRegen 0.00/turn    (no ring)
MPRegen 0.10/turn

%: no passive effects
@: inhibited regen
A: claws 1, cold resistance 1, negative energy resistance 3, inhibited
regeneration, torment resistance 2, devour on kill
a: no special abilities


You were on level 2 of the Dungeon.
You visited 1 branch of the dungeon, and saw 3 of its levels.

You collected 53 gold pieces.

Inventory:

Armour
 a - a +0 robe (worn)
 n - a +0 pair of boots (worn)
Jewellery
 m - an amulet of the acrobat
Wands
 k - a wand of light (9)
Scrolls
 d - a scroll of noise {unknown}
 e - a scroll of revelation {unknown}
 g - a scroll of fear {unknown}
 i - 2 scrolls of immolation {unknown}
 l - a scroll of fog {unknown}
 o - 2 scrolls of identify {unknown}
Potions
 b - a potion of magic
 c - a potion of heal wounds {unknown}
 f - 2 potions of degeneration {unknown}
 h - 2 potions of haste {unknown}
 j - 2 potions of curing {unknown}


   Skills:
 + Level 2.8 Fighting
 - Level 1.7 Dodging
 - Level 2.1 Stealth
 + Level 2.8 Unarmed Combat
 - Level 1.7 Spellcasting
 - Level 3.6 Summonings


You had 5 spell levels left.
You knew the following spells:

 Your Spells              Type           Power      Damage    Failure   Level
a - Summon Small Mammal   Summ           44%        N/A       5%          1

Your spell library contained the following spells:

 Spells                   Type           Power      Damage    Failure   Level
 Call Imp                 Summ           22%        N/A       9%          2
 Call Canine Familiar     Summ           11%        N/A       17%         3
 Summon Blazeheart Golem  Fire/Summ      6%         N/A       75%         4
 Summon Lightning Spire   Summ/Air       6%         N/A       75%         4


Dungeon Overview and Level Annotations

Branches:
Dungeon (3/15)

Altars:

Annotations:
D:3 Robin


Innate Abilities, Weirdness & Mutations

You are immune to poison.
You have sharp fingernails.
Your flesh is cold resistant. (rC+)
You are immune to negative energy. (rN+++)
You do not regenerate when monsters are visible.
You are immune to unholy pain and torment.
You thrive by killing the living.


Message History

There is a stone staircase leading up here.
Unknown command.
The goblin barely misses you. The goblin hits you but does no damage.
The hobgoblin closely misses you. The hobgoblin hits you.
The goblin barely misses you. The hobgoblin hits you.
You climb upwards.
There is a stone staircase leading down here.
Unknown command.
You scratch the hobgoblin but do no damage.
You claw the hobgoblin.
The hobgoblin is moderately wounded.
The hobgoblin hits you. The goblin hits you with a +0 dagger.
You barely miss the hobgoblin.
The hobgoblin is moderately wounded.
The hobgoblin closely misses you. The goblin hits you but does no damage.
You scratch the hobgoblin.
The hobgoblin is heavily wounded.
The hobgoblin hits you but does no damage.
The goblin hits you but does no damage.
You scratch the hobgoblin.
You kill the hobgoblin!
You feel better. The goblin hits you with a +0 dagger.
You closely miss the goblin. The goblin hits you with a +0 dagger.
* * * LOW HITPOINT WARNING * * *
The goblin hits you with a +0 club.
* * * LOW HITPOINT WARNING * * *
You closely miss the goblin. The goblin hits you with a +0 dagger.
* * * LOW HITPOINT WARNING * * *
The goblin closely misses you.
You barely miss the goblin. The goblin hits you with a +0 dagger.
* * * LOW HITPOINT WARNING * * *
The goblin barely misses you.
You claw the goblin!
You kill the goblin!
You feel better. The goblin hits you with a +0 dagger.
* * * LOW HITPOINT WARNING * * *
You closely miss the goblin. Your claw misses the goblin.
Unknown command.
You completely miss the goblin. The goblin hits you with a +0 dagger.
You die...

#.### #########.# # #.#
#.......#.### # #.#
#.#####.#...# # #.# #.#
#.###.##### #.# #.###
#.###.##.#. #.# #...#
#.##....#.. #.#
###.###....#.###.
#.##########.#...##....#..
#.......g@ggg....###.##.#.
############.........##.##
### #..............
##.#########.#.########.##
#..............# #.#
##.#########.### #.# #.#
#.# #.# #.# #.# #.# #.##
#.# #.#


You could see 2 hobgoblins and 2 goblins.

Vanquished Creatures
  3 adders (D:2)
  2 dart slugs
  A ribbon worm (D:2)
  An orc (D:2)
  2 bats (D:1)
  2 endoplasms (D:2)
  A giant cockroach (D:1)
  6 hobgoblins
  2 quokkas (D:1)
  4 ball pythons
  4 frilled lizards
  5 goblins
  4 kobolds (D:2)
  4 rats
41 creatures vanquished.

Notes
Turn   | Place    | Note
-------+----------+-------------------------------------------
     0 | D:1      | SnakkuSnakku7 the Ghoul Summoner began the quest for the
                  | Orb.
     0 | D:1      | Reached XP level 1. HP: 14/14 MP: 3/3
    99 | D:1      | Reached skill level 1 in Fighting
    99 | D:1      | Reached skill level 1 in Unarmed Combat
   114 | D:1      | Reached XP level 2. HP: 15/23 MP: 4/4
   523 | D:2      | Reached XP level 3. HP: 16/29 MP: 5/5
   956 | D:2      | Reached XP level 4. HP: 26/37 MP: 6/6
  1289 | D:3      | Noticed Robin
  1337 | D:2      | Slain by a goblin

Illustrated notes

Levels and vault maps discovered:
D:1:      saegor_arrival_simple_a, layout_basic, minmay_domino_4
D:2:      layout_loops_ring, grunt_ministairs_3
D:3:      layout_basic, shapermc_ecumenical_altar_petra, uniq_robin

Skill      XL: |  1  2 |
---------------+-------+-----
Fighting       | 1 2 |  2.8
Unarmed Combat | 1 2 |  2.8
Dodging        | |  1.7
Stealth        | |  2.1
Spellcasting   | |  1.7
Summonings     | |  3.6

Action                     |  1- 3 |  4- 6 || total
---------------------------+-------+-------++-------
  Melee: Unarmed           |   122 |    25 ||   147
         Punch             |       |     1 ||     1
   Stab: Sleeping          |     1 |     1 ||     2
 Armour: Robe              |    53 |    25 ||    78
  Dodge: Dodged            |    74 |    15 ||    89
